Map: Disco Bloodbath LE

Players

Mez

  • Race: Terran Terran
  • League: Master
  • Spawn Location: 9:00

grasun - Winner!

  • Race: Zerg Zerg
  • League: Master
  • Spawn Location: 3:00

VOD

Have the link to the VOD?

Description

Time

  • Played on: Sept. 5, 2019, 10:02 a.m.
  • Length: 17:47
Show
View Real Time Build Order
Export as new Build Order

Mez Terran 

Build Orders: Liberator Opening, Reaper Expand 

Get SALT Encoding   

  12  0:00  SCV  
  13  0:12  SCV  
  14  0:17  Supply Depot  
  14  0:25  SCV  
  15  0:38  SCV  
  15  0:39  Barracks  
  16  0:45  Refinery  
  16  0:50  SCV  
  17  1:02  SCV  
  18  1:16  SCV  
  19  1:29  Orbital Command, Reaper  
  20  1:41  Command Center  
  20  1:52  Supply Depot  
  20  1:55  SCV  
  20  2:01  Marine  
  21  2:07  SCV  
  23  2:16  Factory  
  23  2:20  SCV  
  23  2:21  Refinery  
  24  2:24  Barracks Reactor  
  24  2:32  SCV  
  24  2:44  SCV  
  24  2:48  Barracks  
  24  2:56  Orbital Command  
  24  3:00  SCV  
  25  3:07  Hellion x2, Starport  
  25  3:09  Barracks Tech Lab  
  25  3:12  SCV  
  30  3:13  Supply Depot  
  30  3:22  SCV  
  30  3:24  SCV  
  32  3:27  Liberator  
  32  3:28  Hellion  
  32  3:29  Hellion  
  36  3:34  SCV  
  36  3:36  SCV  
  36  3:37  Marine  
  39  3:46  SCV  
  43  3:50  SCV  
  43  3:52  Hellion x2  
  48  3:55  Supply Depot  
  48  3:58  Marine  
  49  4:03  SCV x2  
  51  4:15  SCV x2  
  53  4:27  Factory Tech Lab, Command Center  
  53  4:30  Supply Depot  
  53  4:33  SCV  
  53  4:34  Marine, SCV  
  56  4:42  Starport Reactor  
  56  4:43  Stimpack  
  56  4:44  Barracks  
  56  4:45  Barracks  
  56  4:46  SCV  
  56  4:51  SCV  
  56  4:52  Marine  
  58  4:58  Engineering Bay  
  58  4:59  Engineering Bay  
  59  5:00  SCV  
  59  5:03  Refinery  
  59  5:04  Refinery  
  60  5:09  SCV  
  60  5:12  SCV  
  50  5:23  Marine  
  50  5:24  Siege Tank  
  50  5:27  Terran Infantry Armor Level 1, Terran Infantry Weapons Level 1  
  54  5:28  SCV  
  54  5:29  SCV  
  54  5:33  Starport Reactor  
  56  5:35  Marine  
  56  5:36  Marine  
  56  5:40  Orbital Command  
  56  5:41  Marine  
  59  5:42  Marine  
  59  5:43  Marine  
  59  5:48  SCV x2  
  59  5:49  Barracks  
  63  5:50  Barracks  
  63  5:56  Siege Tank  
  66  5:57  Marine x2  
  66  6:00  SCV x2  
  70  6:12  SCV x2  
  70  6:16  Supply Depot  
  70  6:17  Supply Depot  
  72  6:19  Orbital Command  
  72  6:20  Bunker  
  72  6:23  Armory  
  72  6:25  Marine, SCV x2, Supply Depot  
  74  6:26  Marine x3  
  74  6:27  Medivac x2  
  74  6:28  Siege Tank  
  85  6:46  SCV x3  
  88  6:54  Marine x3, Barracks Reactor x2  
  89  6:56  Supply Depot  
  89  6:57  Supply Depot  
  89  6:58  SCV x2  
  89  7:00  Supply Depot  
  93  7:17  Marine, Siege Tank, SCV x2, Medivac  
  93  7:18  Marine x4, SCV, Medivac  
  93  7:20  Factory  
  108  7:23  Refinery  
  108  7:24  Refinery  
  108  7:29  SCV x2  
  107  7:36  Marine x9  
  116  7:39  SCV  
  117  7:54  Supply Depot  
  117  7:55  Supply Depot  
  117  7:59  Marine x7  
  117  8:00  Marine, Siege Tank, SCV x3, Medivac  
  133  8:10  Command Center  
  133  8:16  Marine, SCV, Supply Depot  
  133  8:17  Marine x4  
  129  8:31  Marine x2, Factory Tech Lab  
  129  8:32  Marine x2, Siege Tank  
  129  8:34  Marine  
  136  8:35  Marine x2  
  135  8:42  Marine x2  
  130  8:49  Marine x2, Terran Infantry Armor Level 2, Terran Infantry Weapons Level 2  
  130  8:50  Marine  
  130  8:52  Terran Vehicle Weapons Level 1  
  130  8:53  Siege Tank  
  130  8:54  Medivac x2  
  140  8:59  Supply Depot x2  
  140  9:03  SCV, Supply Depot  
  140  9:04  Siege Tank, SCV x2  
  146  9:16  SCV  
  147  9:25  Marine  
  147  9:26  Marine x6  
  147  9:27  Siege Tank  
  147  9:28  Medivac x2  
  161  9:40  Refinery  
  161  9:41  Refinery  
  159  9:51  Planetary Fortress  
  158  9:56  Marine x9  
  158  9:57  Siege Tank  
  158  9:59  Siege Tank  
  164  10:06  SCV x3, Sensor Tower  
  167  10:11  Barracks  
  167  10:12  Barracks  
  167  10:14  Marine x6, Barracks  
  168  10:15  Medivac x2  
  168  10:16  Supply Depot  
  168  10:18  SCV  
  178  10:29  Marine x3, Siege Tank  
  178  10:31  Marine  
  185  10:38  Marine, Siege Tank  
  170  10:50  Marine x2  
  170  10:51  Marine  
  173  10:59  Barracks Tech Lab  
  173  11:00  Barracks Tech Lab  
  173  11:01  Siege Tank, SCV x2  
  173  11:02  Supply Depot  
  173  11:03  Starport  
  178  11:06  Starport  
  178  11:07  Fusion Core  
  178  11:13  Liberator x2  
  170  11:24  Marine x9  
  170  11:25  Marine x3  
  163  11:29  Siege Tank  
  170  11:34  Siege Tank  
  170  11:38  SCV x2  
  175  11:42  Marine x2, Starport Reactor, Starport Tech Lab  
  177  11:51  Marine x5  
  177  11:53  Barracks Tech Lab  
  177  11:54  Marauder x3  
  188  11:59  Marine  
  189  12:03  Ghost Academy, Advanced Ballistics  
  189  12:08  Marine x2  
  189  12:09  Siege Tank x2  
  189  12:15  Marauder  
  185  12:23  Liberator  
  185  12:39  Marine x5, Marauder x3  
  199  12:58  Marine x2  
  155  13:23  Marine  
  155  13:24  Marine x5, Liberator x3  
  155  13:25  Liberator x2  
  152  13:31  Siege Tank, Marauder x3  
  152  13:32  Siege Tank  
  164  13:37  Command Center  
  164  13:42  Command Center x2  
  164  13:43  Marine x9  
  164  13:44  Command Center  
  147  13:57  Marine x3  
  147  14:00  Marine  
  147  14:01  Marine x2  
  153  14:07  Liberator  
  150  14:10  Personal Cloaking  
  150  14:14  Marine x2, Marauder  
  141  14:24  Medivac x2  
  141  14:25  Medivac x2  
  120  14:39  Marine x7, Marauder x4  
  120  14:41  Siege Tank x2  
  138  14:49  Marine  
  139  14:54  Liberator x5  
  139  14:57  Marine  
  155  15:17  Siege Tank  
  155  15:20  Concussive Shells  
  155  15:21  Combat Shield  
  155  15:36  Enhanced Shockwaves  
  155  15:39  Planetary Fortress  
  155  15:40  SCV  
  156  15:49  Siege Tank x2  
  162  16:00  Marine x8, Marauder x4  
  178  16:11  Refinery  
  178  16:12  Refinery  
  178  16:18  Marine  
  177  16:26  Command Center  
  177  16:29  Command Center  
  171  16:45  Siege Tank x2  
  177  16:48  Sensor Tower  
  177  16:58  Medivac x3  
  169  17:22  Marine  
  169  17:24  Marine x2  
  169  17:25  Marine x5  
Show
View Real Time Build Order
Export as new Build Order

grasun Zerg - Winner!

Build Orders: Hatch First 

Get SALT Encoding   

  12  0:07  Drone  
  12  0:12  Overlord  
  13  0:16  Drone  
  14  0:31  Drone  
  14  0:32  Drone  
  16  0:39  Drone  
  17  0:52  Hatchery  
  17  0:56  Drone  
  17  1:01  Drone  
  18  1:10  Extractor  
  17  1:15  Spawning Pool  
  17  1:17  Drone  
  17  1:22  Drone  
  18  1:33  Drone  
  19  1:43  Overlord  
  19  1:54  Drone  
  20  2:01  Queen  
  20  2:04  Queen  
  20  2:05  Zergling x2  
  20  2:06  Zergling x2  
  26  2:11  Metabolic Boost  
  26  2:16  Drone x2  
  28  2:27  Drone x2  
  30  2:37  Drone x2  
  30  2:41  Queen  
  34  2:52  Drone x2  
  34  2:58  Overlord, Hatchery  
  35  3:02  Drone  
  36  3:09  Overlord  
  36  3:16  Queen  
  36  3:17  Drone x4  
  42  3:21  Overlord  
  42  3:28  Drone  
  42  3:31  Drone  
  44  3:34  Queen  
  44  3:39  Drone  
  48  3:41  Drone  
  48  3:45  Overlord  
  48  3:48  Drone  
  48  3:49  Drone  
  48  3:50  Baneling Nest  
  49  3:56  Drone  
  49  3:57  Drone x4  
  54  4:03  Overlord  
  54  4:09  Drone  
  55  4:10  Drone  
  55  4:13  Extractor  
  55  4:16  Queen  
  55  4:17  Overlord  
  57  4:19  Drone  
  57  4:21  Extractor  
  57  4:22  Overlord  
  57  4:26  Drone  
  57  4:27  Drone x6  
  64  4:32  Drone x2  
  64  4:38  Zergling x2  
  67  4:42  Baneling x3  
  67  4:43  Zergling x4  
  69  4:49  Zergling x2  
  70  4:58  Zergling x10  
  75  5:02  Lair  
  75  5:04  Drone  
  73  5:07  Evolution Chamber  
  73  5:08  Evolution Chamber  
  73  5:12  Zergling x6  
  73  5:13  Zergling x8  
  76  5:27  Drone x6  
  82  5:30  Extractor  
  82  5:33  Zerg Ground Armor Level 1  
  82  5:34  Zerg Melee Weapons Level 1  
  82  5:35  Drone  
  82  5:36  Drone x4  
  82  5:37  Extractor  
  82  5:38  Extractor  
  84  5:51  Hatchery, Drone  
  84  5:52  Drone x6  
  90  5:58  Overlord x2  
  90  6:03  Centrifical Hooks  
  90  6:14  Overlord x2  
  90  6:17  Drone  
  90  6:18  Drone x2  
  93  6:23  Drone x4  
  93  6:24  Hydralisk Den  
  96  6:27  Hatchery  
  96  6:30  Drone  
  96  6:31  Drone  
  97  6:33  Drone  
  97  6:34  Drone x6  
  103  6:40  Baneling x4  
  103  6:41  Roach Warren, Baneling x2  
  102  6:49  Spore Crawler  
  102  6:50  Drone x2  
  102  6:51  Spore Crawler, Drone  
  102  6:53  Drone  
  105  6:54  Drone x2  
  105  6:55  Spore Crawler  
  105  6:59  Grooved Spines  
  105  7:00  Hydralisk  
  107  7:06  Overseer  
  107  7:08  Overlord x2  
  107  7:09  Drone  
  108  7:19  Overlord  
  108  7:20  Queen, Drone x3  
  108  7:22  Hydralisk x4  
  121  7:34  Zerg Melee Weapons Level 2, Zerg Ground Armor Level 2  
  121  7:37  Zergling x2  
  121  7:38  Zergling x16  
  130  7:44  Baneling x5  
  130  7:45  Zergling x4, Baneling x8  
  130  7:46  Zergling x2  
  130  7:50  Zergling x6  
  130  7:51  Zergling x6  
  139  8:00  Zergling x6  
  139  8:02  Overlord  
  139  8:03  Overlord x3  
  142  8:11  Muscular Augments  
  136  8:26  Drone  
  136  8:27  Drone x2  
  133  8:34  Hydralisk x4  
  133  8:35  Hydralisk x12  
  160  8:47  Drone x4  
  160  8:48  Drone x6  
  166  8:53  Extractor  
  165  8:59  Hydralisk x4  
  165  9:00  Infestation Pit  
  165  9:02  Burrow  
  172  9:09  Zergling x2, Hatchery  
  172  9:10  Zergling x2  
  173  9:19  Extractor  
  173  9:23  Overlord  
  173  9:24  Overlord x3  
  170  9:28  Overlord x2  
  170  9:39  Zergling x6  
  170  9:40  Overlord x3, Zergling x2  
  170  9:41  Overlord  
  170  9:45  Zergling x20  
  177  9:53  Drone x4  
  177  9:58  Hydralisk  
  177  9:59  Drone  
  182  10:00  Drone x2  
  182  10:02  Hive  
  182  10:03  Zerg Missile Weapons Level 1  
  183  10:12  Hydralisk x2  
  183  10:13  Zergling x2  
  183  10:14  Zergling x10  
  193  10:19  Hydralisk x7, Zergling x12  
  193  10:20  Hydralisk x2  
  199  10:22  Baneling x5  
  199  10:23  Baneling x3  
  199  10:24  Hydralisk x8  
  199  10:25  Hydralisk  
  191  10:37  Zergling x12  
  191  10:38  Zergling x4  
  199  10:54  Baneling x12  
  199  11:00  Extractor x2  
  199  11:04  Spine Crawler  
  179  11:21  Zergling x34  
  179  11:22  Zergling x16  
  193  11:35  Zerg Ground Armor Level 3, Ultralisk Cavern  
  193  11:37  Adrenal Glands  
  192  11:41  Zergling x4  
  192  11:42  Zergling x10  
  199  11:57  Zerg Melee Weapons Level 3  
  199  12:01  Baneling  
  199  12:02  Baneling x10  
  199  12:09  Hatchery, Baneling x9  
  196  12:18  Zergling x10  
  196  12:19  Zergling x6  
  198  12:38  Anabolic Synthesis  
  198  12:47  Baneling x5  
  195  12:55  Hatchery  
  195  12:58  Hatchery  
  186  13:01  Zergling x14  
  186  13:02  Zergling x2  
  186  13:03  Baneling x9  
  186  13:04  Baneling x6  
  191  13:07  Baneling x8  
  191  13:12  Zergling x14  
  191  13:13  Zergling x22  
  191  13:15  Zergling x2  
  191  13:16  Zergling x16  
  191  13:18  Ultralisk  
  199  13:20  Ultralisk  
  199  13:21  Chitinous Plating  
  199  13:25  Ultralisk  
  199  13:26  Overlord  
  178  13:51  Zergling x2  
  178  13:52  Zergling x32  
  181  14:03  Ultralisk x4  
  199  14:14  Zergling x2  
  195  14:19  Baneling x3  
  195  14:20  Ultralisk, Baneling x5  
  195  14:21  Zergling x6, Ultralisk  
  199  14:24  Baneling  
  199  14:25  Baneling x11  
  193  14:33  Zergling x12  
  193  14:38  Zergling x24  
  183  14:39  Zergling x12  
  191  14:48  Spire  
  191  14:52  Drone  
  191  14:53  Zergling x16  
  194  15:33  Spore Crawler  
  192  15:52  Baneling  
  192  15:53  Baneling x5  
  192  15:54  Baneling x3  
  192  16:04  Greater Spire  
  192  16:10  Zergling x2  
  187  16:29  Hydralisk  
  189  16:36  Baneling  
  189  16:37  Corruptor x2, Baneling x6  
  189  16:38  Corruptor x3  
  199  16:44  Baneling x8  
  198  17:06  Zergling x10  
Tags
 
Add a new tag
Caveats
  • Supply blocks, unpowered buildings, or Contaminate may cause inaccurate times.
  • Supply counts are checked every 10 seconds.